 Dungeon Crawl Stone Soup version 0.22-a0-165-g89cf10f13c (webtiles) character file.

51 MrRokkomies the Caller (level 3, 0/24 HPs)
             Began as an Octopode Summoner on Feb 13, 2018.
             Succumbed to an adder's poison
             ... on level 2 of the Dungeon.
             The game lasted 00:03:02 (1473 turns).

MrRokkomies the Caller (Octopode Summoner)          Turns: 1473, Time: 00:03:02

Health: 0/24       AC:  1    Str: 11    XL:     3   Next: 81%
Magic:  6/6        EV: 13    Int: 18    God:
Gold:   52         SH:  0    Dex: 12    Spells: 3/6 levels left

rFire    . . .     SeeInvis .   i - +0 mace
rCold    . . .     Gourm    .   (no shield)
rNeg     . . .     Faith    .   (helmet restricted)
rPois    .         Spirit   .   (no amulet)
rElec    .         Reflect  .   k - +4 ring of strength
rCorr    .         Harm     .   (no ring)
MR       .....                  (no ring)
Stlth    +++.......             (no ring)
HPRegen  0.08/turn              (no ring)
MPRegen  0.10/turn              (no ring)
                                (no ring)
                                (no ring)

@: lethally poisoned (0 -> -2), invisible
A: almost no armour, stealthy swim, amphibious, 8 rings, constrict 8, camouflage
1, gelatinous body 1
a: no special abilities


You were on level 2 of the Dungeon.
You were hungry.

You visited 1 branch of the dungeon, and saw 2 of its levels.

You collected 52 gold pieces.

Inventory:

Hand Weapons
 i - a +0 mace (weapon)
Missiles
 c - 29 sling bullets
 g - 65 stones (quivered)
Jewellery
 k - a +4 ring of strength (left tentacle)
Scrolls
 f - a scroll of magic mapping {unknown}
 h - a scroll of identify
Potions
 e - a potion of might
Books
 a - a book of Callings

   Spells                             Type                      Level
   a - Summon Small Mammal            Summoning                    1
   b - Call Imp                       Summoning                    2
   c - Call Canine Familiar           Summoning                    3
   d - Summon Guardian Golem          Hexes/Summoning              3
   e - Summon Lightning Spire         Summoning/Air                4
   f - Summon Ice Beast               Ice/Summoning                4
Comestibles
 b - 2 rations


   Skills:
 * Level 2.2 Fighting
 - Level 2.0 Dodging
 - Level 2.6 Stealth
 - Level 2.0 Spellcasting
 * Level 4.7 Summonings


You had 3 spell levels left.
You knew the following spells:

 Your Spells              Type           Power        Failure   Level  Hunger
a - Summon Small Mammal   Summ           ###.         2%          1    #......
b - Call Imp              Summ           ###.....     3%          2    ###....


Dungeon Overview and Level Annotations

Branches:
Dungeon (2/15)

Altars:


Innate Abilities, Weirdness & Mutations

You cannot wear most types of armour.
You are very stealthy in the water. (Stealth+)
You are amphibious.
You can wear up to eight rings at the same time.
You can use your tentacles to constrict eight enemies at once.
Your skin changes colour to match your surroundings (Stealth+).
Your rubbery body absorbs attacks. (AC +1, EV +1)


Message History

The adder poisons you!
You hit the adder but do no damage. Your grab misses the adder.
You feel sick. The adder misses you. The adder barely misses you.
You barely miss the adder. Your grab misses the adder. The adder bites you. x2
You are too injured to fight recklessly!
You hit the adder. Your grab misses the adder.
The adder is moderately wounded.
You feel sick. The adder bites you but does no damage.
The adder barely misses you.
You hit the adder. Your grab misses the adder.
The adder is heavily wounded.
The adder bites you.
* * * LOW HITPOINT WARNING * * *
The adder bites you.
* * * LOW HITPOINT WARNING * * *
You barely miss the adder. Your grab misses the adder.
The adder is heavily wounded.
The adder barely misses you.
You fade into invisibility!
You die...

# . #.### ..#.#.. .....
#... #...##############
#................#
#...@.....######.#
###S#####.#### #.# #.
#.......# #.# #.
#.#####.# #.### #.##.#
#.###...# #.#.###### ..
).# #.......#
#......<)# #. #.#
#.###...# ###.####.# ##
#.#####.###..###
#.######...............


You could see an adder.

Vanquished Creatures
  Jessica (D:2)
  A giant cockroach (D:1)
  4 goblins (D:1)
  7 jackals
  A ball python (D:1)
  A bat (D:1)
  A frilled lizard (D:2)
  2 kobolds (D:1)
  3 rats (D:1)
21 creatures vanquished.

Vanquished Creatures (collateral kills)
  An ooze (D:1)
1 creature vanquished.

Grand Total: 22 creatures vanquished

Notes
Turn   | Place    | Note
-------+----------+-------------------------------------------
     0 | D:1      | MrRokkomies the Octopode Summoner began the quest for the Orb.
     0 | D:1      | Reached XP level 1. HP: 11/11 MP: 3/3
   427 | D:1      | Reached skill level 1 in Fighting
   427 | D:1      | Reached XP level 2. HP: 17/18 MP: 5/5
  1199 | D:1      | Learned a level 2 spell: Call Imp
  1212 | D:2      | Noticed Jessica
  1216 | D:2      | Killed Jessica
  1216 | D:2      | Reached XP level 3. HP: 8/24 MP: 6/6
  1471 | D:2      | HP: 1/24 [adder (2)]
  1473 | D:2      | Succumbed to an adder's poison

Vault maps used:
D:1:      minmay_arrival_diagonal_passages, kennysheep_boxes
D:2:      nemelex_xobeh_ov_fountains_minmay, nicolae_overflow_crystal_walls,
          minmay_split_cup_large, uniq_jessica

Skill      XL: |  1  2 |
---------------+-------+-----
Fighting       | 1 2 |  2.2
Dodging        | |  2.0
Stealth        | |  2.6
Spellcasting   | |  2.0
Summonings     | |  4.7

Action                   || total
-------------------------++-------
Melee: Unarmed           ||     8
       Mace              ||    38
       Constrict         ||    10
       Short sword       ||     2
       Tentacles         ||     3
 Cast: Summon Small Mamm ||     3
  Use: Scroll            ||     4
       Potion            ||     2
 Stab: Sleeping          ||     9
  Eat: Chunk             ||     1
Armor: Skin              ||     5
Dodge: Dodged            ||    35

Table legend:
 A = Spawn XP
 B = Non-spawn XP
 C = Spawn XP percentage of total XP
 D = Spawn monster count
 E = Non-spawn monster count
 F = Spawn count percentage of total count
 G = Total turns spent on level
                    A         B        C        D         E        F      G
               +---------+---------+-------+---------+---------+-------+---------
         Total |       0 |      73 |   0.0 |       0 |      22 |   0.0 |  1473
               +---------+---------+-------+---------+---------+-------+---------
           D:1 |       0 |      29 |   0.0 |       0 |      17 |   0.0 |  1212
           D:2 |       0 |      44 |   0.0 |       0 |       5 |   0.0 |   261
               +---------+---------+-------+---------+---------+-------+---------
